 Dungeon Crawl Stone Soup version 0.31-a0-1620-gcbf77bbcfc (webtiles) character file.

Game seed: 17804021069815935315

328 Flugslaktarn the Trooper (level 6, -11/57 HPs)
             Began as a Minotaur Fighter on Jan 11, 2024.
             Killed from afar by Maggie (29 damage)
             ... with a bolt of fire
             ... while paralysed by Maggie
             ... on level 6 of the Dungeon.
             The game lasted 00:01:04 (3102 turns).

Flugslaktarn the Trooper (Minotaur Fighter)         Turns: 3102, Time: 00:01:05

Health: -11/57     AC: 12    Str: 23    XL:     6   Next: 25%
Magic:  5/5        EV:  2    Int:  5    God:
Gold:   164        SH:  0    Dex:  9    Spells: 5/5 levels left

rFire   . . .        a - +0 war axe
rCold   . . .        c - +0 buckler
rNeg    . . .        r - +0 plate armour
rPois   .            (helmet restricted)
rElec   .            (no cloak)
rCorr   .            (no gloves)
SInv    .            (no boots)
Will    .....        (no amulet) Stlth
                     o - ring of flight
HPRegen 0.29/turn    (no ring)
MPRegen 0.09/turn

%: no passive effects
@: paralysed, flying, mesmerised
A: horns 2, retaliatory headbutt
a: no special abilities


You were on level 6 of the Dungeon.
You visited 1 branch of the dungeon, and saw 5 of its levels.

You collected 164 gold pieces.

Inventory:

Hand Weapons
 a - a +0 war axe (weapon)
Armour
 b - a +0 scale mail
 c - a +0 buckler (worn)
 r - a +0 plate armour (worn)
   (You found it on level 3 of the Dungeon)
Jewellery
 o - a ring of flight (left hand)
   (You found it on level 3 of the Dungeon)
Scrolls
 e - 2 scrolls of enchant armour {unknown}
 i - 3 scrolls of teleportation {unknown}
 j - a scroll of vulnerability {unknown}
 k - 6 scrolls of identify {unknown}
 m - a scroll of poison {unknown}
 p - a scroll of fear {unknown}
 s - a scroll of enchant weapon {unknown}
 v - a scroll of revelation {unknown}
Potions
 d - a potion of might
 f - a potion of mutation {unknown}
 g - a potion of berserk rage {unknown}
 h - a potion of lignification {unknown}
 l - a potion of degeneration {unknown}
 n - a potion of enlightenment {unknown}
 q - a potion of curing
 t - 2 potions of magic {unknown}
 u - a potion of heal wounds {unknown}


   Skills:
 * Level 5.7 Fighting
 * Level 5.1 Axes
 + Level 4.7 Armour
 + Level 4.7 Shields


You had 5 spell levels left.
You didn't know any spells.
Your spell library contained the following spells:

 Spells                   Type           Power      Damage    Failure   Level
 Kiss of Death            Conj/Necr      0%         2d5       100%        1
 Cigotuvi's Dreadful Rot  Necr/Alch/Air  0%         N/A       100%        2
 Confusing Touch          Hex            0%         N/A       100%        3
 Dispel Undead            Necr           0%         3d6       100%        4
 Martyr's Knell           Necr/Summ      0%         N/A       100%        4
 Summon Forest            Summ/Tloc      0%         N/A       100%        5
 Summon Mana Viper        Hex/Summ       0%         N/A       100%        5
 Death Channel            Necr           0%         N/A       100%        6
 Summon Cactus Giant      Summ           0%         N/A       100%        6


Dungeon Overview and Level Annotations

Branches:
Dungeon (4/15)
 Temple: D:4-7

Altars:

Shops:
D:2 !

Annotations:
D:6 Maggie


Innate Abilities, Weirdness & Mutations

You have a pair of horns on your head.
You reflexively headbutt those who attack you in melee.


Message History

The iguana bites you.
You hit the iguana. You headbutt the iguana.
The iguana is severely wounded.
You block the iguana's attack.
You slash the iguana!
You kill the iguana!
The endoplasm freezes you.
You are frozen.
You slash the endoplasm!
You kill the endoplasm!
Found a leather armour.
No target in view!
Found 6 stones.
No target in view!
Found 5 poisoned darts.
No target in view!
v - a scroll labelled MIGGOT GAIM No target in view!
No target in view!
No target in view!
A hobgoblin comes into view.
A hobgoblin is nearby!
A hobgoblin is nearby!
The hobgoblin hits you but does no damage.
You barely miss the hobgoblin. Your headbutt misses the hobgoblin.
The hobgoblin barely misses you. You furiously retaliate!
You headbutt the hobgoblin. You slash the hobgoblin!
You kill the hobgoblin!
No target in view!
No target in view!
No target in view!
Found 5 stones.
You now have 143 gold pieces (gained 12).
No target in view!
You now have 156 gold pieces (gained 13).
e - 2 scrolls labelled FYDAUTS DURU (gained 1)
Found 3 stones.
No target in view!
You now have 164 gold pieces (gained 8).
A malevolent force fills the Dungeon...
You are sucked into a shaft and drop 2 floors!
The shaft crumbles and collapses.
Found a curved wooden wand, 2 stones and a dagger.
Maggie the Vainglorious comes into view.
She is wielding a +0 morningstar and carrying a wand of paralysis.
Maggie shouts!
Maggie casts a spell.
Maggie attempts to bespell you! You resist.
Maggie is nearby!
Maggie is nearby!
Maggie gestures wildly while chanting.
Maggie attempts to bespell you! You resist.
It was a potion of curing.
You feel better.
q - a potion of curing;
f - a cyan potion Maggie gestures at you while chanting.
The bolt of fire hits you. Maggie hits you with a +0 morningstar!
You hit Maggie.
Maggie is lightly wounded.
Maggie mumbles some strange words.
Maggie attempts to bespell you!
You are mesmerised by Maggie!
You hit Maggie.
Maggie is lightly wounded.
Maggie gestures wildly while chanting.
Maggie draws you further into her thrall.
You slash Maggie! Your headbutt misses Maggie.
Maggie is moderately wounded.
Maggie hits you with a +0 morningstar.
You closely miss Maggie.
Maggie is moderately wounded.
Maggie hits you but does no damage. Maggie hits you with a +0 morningstar.
You barely miss Maggie.
Maggie is moderately wounded.
Maggie zaps a wand.
You resist with some effort.
You hit Maggie. Your headbutt misses Maggie.
Maggie is heavily wounded.
Maggie hits you with a +0 morningstar.
You barely miss Maggie.
Maggie is heavily wounded.
Maggie hits you with a +0 morningstar. Maggie barely misses you.
You furiously retaliate!
You headbutt Maggie. You completely miss Maggie.
Maggie is heavily wounded.
Maggie hits you with a +0 morningstar.
You closely miss Maggie. Your headbutt misses Maggie.
Maggie is heavily wounded.
Maggie zaps a wand.
You resist with some effort.
You hit Maggie. Your headbutt misses Maggie.
Maggie is heavily wounded.
Maggie gestures at you while chanting. The bolt of fire misses you.
You closely miss Maggie. Your headbutt misses Maggie.
Maggie is heavily wounded.
Maggie zaps a wand.
You suddenly lose the ability to move!
Maggie hits you with a +0 morningstar!
Maggie points at you and mumbles some strange words.
The bolt of fire hits you!!
Ouch! That really hurt!
You die...

#... #...# #...#
#...# #...###
#.(..#
#.####.../###
#..........#####
##.........@@..#
#..#.......###.#
.........###
....#)....#
##........#
#........#
.###....# ..
#.####


You could see Maggie (mesmerising).

Vanquished Creatures
  Sigmund (D:3)
  An orc priest (D:4)
  An iguana (D:4)
  3 gnolls (D:2)
  An adder (D:3)
  2 dart slugs (D:2)
  2 ribbon worms (D:2)
  4 orcs
  4 endoplasms
  2 giant cockroaches
  5 goblins
  8 hobgoblins
  3 jackals (D:1)
  12 kobolds
  A quokka (D:2)
  3 ball pythons
  3 bats
  3 frilled lizards
  6 rats
65 creatures vanquished.

Notes
Turn   | Place    | Note
-------+----------+-------------------------------------------
     0 | D:1      | Flugslaktarn the Minotaur Fighter began the quest for the
                  | Orb.
     0 | D:1      | Reached XP level 1. HP: 19/19 MP: 0/0
   522 | D:1      | Reached XP level 2. HP: 24/27 MP: 1/1
  1175 | D:2      | Found Luaril's Distillery.
  1189 | D:2      | Reached XP level 3. HP: 17/33 MP: 2/2
  1432 | D:2      | Reached XP level 4. HP: 23/41 MP: 3/3
  2231 | D:3      | Noticed Sigmund
  2242 | D:3      | Killed Sigmund
  2243 | D:3      | Reached skill level 5 in Fighting
  2243 | D:3      | Reached XP level 5. HP: 44/48 MP: 4/4
  2797 | D:4      | Reached XP level 6. HP: 56/56 MP: 5/5
  2801 | D:4      | Reached skill level 5 in Axes
  2930 | D:4      | Identified the +1 robe of the Sea {Rampage rF- Str+4 Int+3}
  3084 | D:4      | You are sucked into a shaft and drop 2 floors!
  3085 | D:6      | Noticed Maggie
  3101 | D:6      | Paralysed by Maggie for 3 turns
  3102 | D:6      | Killed from afar by Maggie

Illustrated notes

Levels and vault maps discovered:
D:1:      wander_arrival_fairy_ring, layout_basic
D:2:      layout_loops_ring, serial_shops, nicolae_shop_tiny_waterfront
D:3:      cheibrodos_helix_gallery, layout_loops_cross, grunt_decor_cap,
          lexackson_kobold_supper, uniq_sigmund
D:4:      layout_cave_pools, kennysheep_little_box
D:6:      layout_loops_cross, uniq_maggie

Skill      XL: |  1  2  3  4  5  6 |
---------------+-------------------+-----
Fighting       | 4 5 |  5.7
Axes           | 3 4 5 |  5.1
Armour         | 4 |  4.7
Shields        | 4 |  4.7

Action                     |  1- 3 |  4- 6 || total
---------------------------+-------+-------++-------
  Melee: War axe           |    69 |    74 ||   143
         Headbutt          |     4 |    11 ||    15
    Use: Potion            |       |     1 ||     1
 Armour: Scale mail        |    44 |    30 ||    74
         Plate armour      |       |    26 ||    26
  Dodge: Dodged            |    25 |    28 ||    53
  Block: Buckler           |     9 |    11 ||    20

Table legend: (Time is in decaauts)
 A = Elapsed time spent in this place.
 B = Non-inter-level travel time spent in this place.
 C = Inter-level travel time spent in this place.
 D = Time resting spent in this place.
 E = Time spent auto-exploring this place.
 F = Levels seen in this place.
 G = Mean time per level.
                   A        B        C        D        E       F      G
               +--------+--------+--------+--------+--------+-----+--------+
         Total |   3150 |   3091 |     59 |      0 |   2671 |   5 |  630.0 |
       Dungeon |   3150 |   3091 |     59 |      0 |   2671 |   5 |  630.0 |
               +--------+--------+--------+--------+--------+-----+--------+

Top non-repeatable levels by time:
     D:1: 1047 daAuts
     D:2: 939 daAuts
     D:3: 843 daAuts
     D:4: 298 daAuts
     D:6: 20 daAuts
